 Dungeon Crawl Stone Soup version 0.31-a0-204-g7da18cac08 (webtiles) character file.

Game seed: 9548845829948963526

93 qw the Shooter (level 4, -1/25 HPs)
             Began as a Deep Elf Hunter on June 27, 2023.
             Killed from afar by an orc wizard (10 damage)
             ... with a puff of flame
             ... on level 3 of the Dungeon.
             The game lasted 00:00:38 (1810 turns).

qw the Shooter (Deep Elf Hunter)                    Turns: 1810, Time: 00:00:39

Health: -1/25      AC: 10    Str: 10    XL:     4   Next: 36%
Magic:  6/6        EV: 11    Int: 14    God:
Gold:   173        SH:  0    Dex: 18    Spells: 3/3 levels left

rFire   . . .        Y - +0 shortbow
rCold   . . .        (shield currently unavailable)
rNeg    . . .        k - +0 ring mail
rPois   .            (no helmet)
rElec   .            (no cloak)
rCorr   .            (no gloves)
SInv    .            a - +0 pair of boots
Will    .....        (no amulet)
Stlth   +            d - +4 ring of protection
HPRegen 0.24/turn    b - +4 ring of slaying {mikee}
MPRegen 0.10/turn

%: no passive effects
@: no status effects
A: no striking features
a: no special abilities


You were on level 3 of the Dungeon.
You visited 1 branch of the dungeon, and saw 3 of its levels.

You collected 173 gold pieces.


   Skills:
 - Level 1.5 Fighting
 + Level 7.8 Ranged Weapons
 - Level 2.4 Dodging
 - Level 1.2 Stealth


You had 3 spell levels left.
You didn't know any spells.
Your spell library was empty.

Inventory:

Hand Weapons
 Y - a +0 shortbow (weapon)
Armour
 a - a +0 pair of boots (worn)
 k - a +0 ring mail (worn)
Jewellery
 b - a +4 ring of slaying (right hand) {mikee}
 d - a +4 ring of protection (left hand)
Scrolls
 c - a scroll of enchant armour {unknown}
 l - 2 scrolls of identify
Potions
 e - a potion of mutation {unknown}
 f - a potion of lignification {unknown}
 g - a potion of resistance {unknown}
 m - a potion of might {unknown}
 o - a potion of cancellation {unknown}
 p - a potion of degeneration {unknown}

Dungeon Overview and Level Annotations

Branches:
Dungeon (3/15)

Altars:


Message History

You kill the adder!
The orc hits you but does no damage. Something hits you but does no damage.
You shoot an arrow. The arrow hits the orc.
The orc is moderately wounded.
The orc hits you with a +0 hand axe. Something hits you.
You shoot an arrow. The arrow hits the orc.
You kill the orc!
Something hits you but does no damage.
You shoot an arrow. The arrow barely misses the orc wizard.
The arrow closely misses the quokka.
The orc wizard hits you but does no damage.
Something hits you but does no damage.
You shoot an arrow. The arrow barely misses the orc wizard.
The arrow hits the quokka but does no damage.
The orc wizard gestures wildly while chanting.
The orc wizard flickers and vanishes!
Something hits you but does no damage.
You shoot an arrow. Something hits you but does no damage. Something hits you.
Something hits you but does no damage. x2
You shoot an arrow. Something hits you. Something hits you but does no damage.
You shoot an arrow. The arrow hits the quokka.
The quokka is heavily wounded.
You hear some strange, mumbled words.
A magic dart appears from out of thin air!
The magic dart hits you but does no damage.
Something hits you.
You shoot an arrow. The arrow hits the quokka.
The quokka is almost dead.
Something hits you but does no damage. Something hits you.
You shoot an arrow. Something hits you. Something hits you but does no damage.
You shoot an arrow.
Something hits you but does no damage. x2
You shoot an arrow. Something hits you but does no damage.
You hear some strange, mumbled words.
A puff of flame appears from out of thin air!
The puff of flame hits you!
You die...

..................
..................
..................
..#######.........
## #.........
########
#......%.)
#o))r..#
#.......).
S.o..##{{.###
#####.%.## .o.
#8@...8# #8....8#
. ##.....##
##.....##
##.....###.^...##.
##...........####
#8.........8###
###.......###.#
##....%## #.#
##...## #.#
#8...8# #.#


You could see a quokka.

Vanquished Creatures
  Terence (D:2)
  An adder (D:3)
  A worm (D:2)
  A dart slug (D:2)
  4 orcs (D:3)
  3 bats
  2 endoplasms
  A giant cockroach (D:1)
  4 goblins
  7 hobgoblins
  2 jackals (D:1)
  3 quokkas
  6 ball pythons
  3 frilled lizards
  8 kobolds
  4 rats
51 creatures vanquished.

Notes
Turn   | Place    | Note
-------+----------+-------------------------------------------
     0 | D:1      | qw the Deep Elf Hunter began the quest for the Orb.
     0 | D:1      | Reached XP level 1. HP: 12/12 MP: 3/3
     0 | D:1      | 0 ||| qw: Version: 0.3-a-22-g0ed2b0b
     0 | D:1      | 0 ||| qw: Game counter: 6536
     0 | D:1      | 0 ||| qw: Melee chars always use a shield: true
     0 | D:1      | 0 ||| qw: God list: Okawaru
     0 | D:1      | 0 ||| qw: Allow faded altars: false
     0 | D:1      | 0 ||| qw: Do Orc after clearing Dungeon:15 true
     0 | D:1      | 0 ||| qw: Do second Lair branch before Depths: true
     0 | D:1      | 0 ||| qw: Lair rune preference: random
     0 | D:1      | 0 ||| qw: Goals: Normal
     0 | D:1      | 0 ||| PLANNING D:1-11
   119 | D:1      | Reached XP level 2. HP: 15/16 MP: 4/4
   128 | D:1      | Reached skill level 6 in Ranged Weapons
   256 | D:1      | You fall into a shaft and drop 1 floor!
   286 | D:2      | 286 ||| UPGRADING to +4 ring of protection.
   287 | D:2      | 287 ||| READING scroll labelled WEIFE FARIH.
   288 | D:2      | 288 ||| READING scroll labelled KYGAON BACUITE.
   289 | D:2      | 289 ||| DROPPING scroll of butterflies.
   808 | D:1      | 808 ||| UPGRADING to +0 pair of boots.
   813 | D:1      | 813 ||| UPGRADING to +4 ring of slaying {mikee}.
   885 | D:2      | Reached XP level 3. HP: 20/20 MP: 5/5
  1121 | D:2      | Noticed Terence
  1128 | D:2      | Killed Terence
  1129 | D:2      | Reached skill level 7 in Ranged Weapons
  1557 | D:2      | 1557 ||| UPGRADING to +0 ring mail.
  1567 | D:2      | 1567 ||| DROPPING +0 leather armour.
  1568 | D:2      | 1568 ||| DROPPING amulet of magic regeneration.
  1569 | D:2      | 1569 ||| READING scroll labelled AZIERE KASU.
  1605 | D:2      | 1605 ||| READING scroll labelled ISCHIA SUD TIQI.
  1606 | D:2      | 1606 ||| READING scroll labelled AWKI NOXZAID.
  1607 | D:2      | 1607 ||| READING 2 scrolls labelled BIWOHA OPAW.
  1660 | D:3      | Reached XP level 4. HP: 25/25 MP: 6/6
  1701 | D:3      | Identified the +6 hand axe "Ufomulid" {freeze, *Noise rElec
                  | rCorr}
  1788 | D:3      | 1788 ||| Stepping ~*~*~tactically~*~*~ (outnumbered).
  1792 | D:3      | 1792 ||| Stepping ~*~*~tactically~*~*~ (outnumbered).
  1810 | D:3      | Killed from afar by an orc wizard

Levels and vault maps discovered:
D:1:      dpeg_arrival_leaves_temple_mockup, layout_loops_ring,
          palyth_stone_intersect
D:2:      minmay_spotlight, layout_basic, uniq_terence
D:3:      layout_basic, serial_corexii_hall, chequers_hall_statues_y,
          chequers_hall_statues_y, minmay_misc_feat_square

Skill      XL: |  1  2  3 |
---------------+----------+-----
Ranged Weapons | 6 7 |  7.8
Fighting       | |  1.5
Dodging        | |  2.4
Stealth        | |  1.2

Action                     |  1- 3 |  4- 6 || total
---------------------------+-------+-------++-------
   Fire: Shortbow          |    90 |    41 ||   131
    Use: Scroll            |     6 |       ||     6
 Armour: Leather armour    |     6 |       ||     6
         Ring mail         |     1 |    22 ||    23
  Dodge: Dodged            |    19 |     6 ||    25

Table legend:
 A = Non-vault XP
 B = Vault XP
 C = Vault XP percentage of total XP
 D = Non-vault monster count
 E = Vault monster count
 F = Vault count percentage of total count
                 A         B        C        D         E       F
            +---------+---------+-------+---------+---------+-------
      Total |      94 |      39 |  29.3 |      46 |       5 |   9.8
            +---------+---------+-------+---------+---------+-------
        D:1 |      38 |       0 |   0.0 |      24 |       0 |   0.0
        D:2 |      19 |      39 |  67.2 |      10 |       5 |  33.3
        D:3 |      37 |       0 |   0.0 |      12 |       0 |   0.0
            +---------+---------+-------+---------+---------+-------
